 Dungeon Crawl Stone Soup version 0.28-a0-631-g0446da8ef9 (webtiles) character file.

Game seed: 872728600898830198

828 timneilson the Covered (level 7, 0/62 HPs)
             Began as a Deep Dwarf Fighter on Oct 9, 2021.
             Was a Follower of Makhleb.
             Slain by Duvessa (10 damage)
             ... on level 5 of the Dungeon.
             The game lasted 00:07:41 (3168 turns).

timneilson the Covered (Deep Dwarf Fighter)         Turns: 3168, Time: 00:07:41

Health: 0/62       AC: 18    Str: 22    XL:     7   Next: 64%
Magic:  8/8        EV: 13    Int:  8    God:    Makhleb [*.....]
Gold:   200        SH:  5    Dex: 12    Spells: 6/6 levels left

rFire   . . .      SeeInvis .   a - +0 long sword
rCold   . . .      Faith    .   c - +0 buckler
rNeg    . . .      Spirit   .   n - +0 chain mail
rPois   .          Reflect  .   o - +0 helmet
rElec   .          Harm     .   j - +0 cloak
rCorr   .          Rampage  .   e - +1 pair of gloves
Will    +....                   (no boots)
Stlth   ..........              q - amulet of the acrobat
HPRegen 0.00/turn               k - +4 ring of protection
MPRegen 0.11/turn               s - +4 ring of evasion

@: mighty, studying Evocations
A: damage resistance, heal wounds, sense surroundings 1, no regeneration
a: Heal Wounds, Renounce Religion


You were on level 5 of the Dungeon.
You worshipped Makhleb.
Makhleb was aware of your devotion.
You visited 1 branch of the dungeon, and saw 5 of its levels.

You collected 200 gold pieces.

Inventory:

Hand Weapons
 a - a +0 long sword (weapon)
Armour
 c - a +0 buckler (worn)
 e - a +1 pair of gloves (worn)
 j - a +0 cloak (worn)
 n - a +0 chain mail (worn)
 o - a +0 helmet (worn)
Jewellery
 k - a +4 ring of protection (left hand)
 q - an amulet of the acrobat (around neck)
 r - a ring of resist corrosion
 s - a +4 ring of evasion (right hand)
Wands
 l - a wand of flame (15)
Scrolls
 b - a scroll of identify
Potions
 f - a potion of heal wounds
 g - a potion of invisibility {unknown}
 h - 2 potions of brilliance {unknown}
 i - a potion of curing {unknown}
 m - 2 potions of attraction {unknown}
 p - a potion of cancellation {unknown}
 t - 3 potions of ambrosia {unknown}


   Skills:
 + Level 3.6 Fighting
 * Level 4.4 Long Blades
 * Level 5.5 Armour
 + Level 2.6 Dodging
 * Level 5.5 Shields
 + Level 2.0 Invocations
 + Level 3.2 Evocations


You had 6 spell levels left.
You didn't know any spells.
Your spell library contained the following spells:

 Spells                   Type           Power      Damage    Failure   Level
 Blink                    Tloc           N/A        N/A       99%         2
 Manifold Assault         Tloc           0%         N/A       100%        5
 Storm Form               Tmut/Air       0%         N/A       100%        7


Dungeon Overview and Level Annotations

Branches:
Dungeon (5/15)
 Temple: D:4-7

Altars:
Makhleb
Qazlal
Vehumet
Xom
The Shining One

Shops:
D:2 [

Annotations:
D:5 Duvessa, Grinder


Innate Abilities, Weirdness & Mutations

You are resistant to damage.
You can heal yourself by infusing magical energy.
You passively map a small area around you.
You do not regenerate.


Message History

You slash Duvessa!
Duvessa is heavily wounded.
The adder bites you but does no damage. Duvessa hits you but does no damage.
The quokka bites you but does no damage.
The adder completely misses you. Duvessa hits you with a +0 short sword!
You slash Duvessa!
Duvessa is heavily wounded.
You block Duvessa's attack.
The quokka bites you but does no damage.
You block the adder's attack.
You slash Duvessa!
Duvessa is severely wounded.
Duvessa hits you with a +0 short sword. The adder barely misses you.
The quokka barely misses you. Duvessa hits you but does no damage.
The quokka barely misses you. You block the adder's attack.
You hit Duvessa.
Duvessa is almost dead.
Duvessa barely misses you.
Grinder comes into view.
The adder barely misses you. You block the quokka's attack.
You block Duvessa's attack.
You hit Duvessa.
Duvessa is almost dead.
The adder barely misses you. Duvessa hits you with a +0 short sword!
An orc priest comes into view. It is wielding a +0 club.
The quokka barely misses you. The adder completely misses you.
Duvessa barely misses you.
You closely miss Duvessa.
Duvessa is almost dead.
You are no longer poisoned.
The orc priest shouts!
The quokka barely misses you. You block Duvessa's attack.
The adder bites you but does no damage. The quokka barely misses you.
The orc priest invokes the aid of Beogh against you.
Beogh smites you!
* * * LOW HITPOINT WARNING * * *
You barely miss Duvessa.
Duvessa is almost dead.
Duvessa hits you with a +0 short sword!
You die...

............ ,
........... ,
.........># #
..........###.#.
................,,
, ...5.........)..
* , #..e)r# .....
, *
,.,#..S@###..... ,
, .?#....$.....##
* ,
......##.......# ,
.o.............. ,
.................
,
............#..##
,
.......##...##...
,
.,(....##....#.#.#
,, , ,, ..
#...##......#.#.#


You could see Grinder, Duvessa (berserk), an orc priest, an adder and a quokka.

Vanquished Creatures
  An ogre (D:4)
  A necrophage (D:4)
  A phantom (D:5)
  A scorpion (D:4)
  A water moccasin zombie (D:5)
  Dowan (D:5)
  A water moccasin skeleton (D:4)
  A hound (D:4)
  An orc priest (D:4)
  A centaur skeleton (D:4)
  An iguana (D:5)
  Robin (D:4)
  3 gnolls (D:2)
  9 adders
  An adder skeleton (D:4)
  2 worms (D:3)
  A dart slug (D:1)
  16 orcs
  5 ball pythons
  11 endoplasms
  3 giant cockroaches
  15 goblins
  12 hobgoblins
  3 jackals (D:4)
  4 quokkas
  5 bats
  3 frilled lizards
  6 kobolds
  5 rats
116 creatures vanquished.

Vanquished Creatures (others)
  20 plants (D:3)
20 creatures vanquished.

Grand Total: 136 creatures vanquished

Notes
Turn   | Place    | Note
-------+----------+-------------------------------------------
     0 | D:1      | timneilson the Deep Dwarf Fighter began the quest for the
                  | Orb.
     0 | D:1      | Reached XP level 1. HP: 20/20 MP: 1/1
    28 | D:1      | Found a faded altar of an unknown god.
    86 | D:1      | Reached XP level 2. HP: 24/27 MP: 2/2
   710 | D:2      | Reached XP level 3. HP: 27/33 MP: 3/3
   751 | D:2      | Found Lyfoyc's Antique Armour Boutique.
   777 | D:2      | Reached skill level 1 in Dodging
   777 | D:2      | Reached XP level 4. HP: 24/40 MP: 4/4
  1524 | D:3      | Reached XP level 5. HP: 43/49 MP: 5/5
  1639 | D:3      | Found a shimmering altar of Xom.
  1666 | D:3      | Found a stormy altar of Qazlal.
  1681 | D:3      | Reached skill level 1 in Evocations
  1683 | D:3      | Found a burning altar of Makhleb.
  1683 | D:3      | Found a glowing golden altar of the Shining One.
  1689 | D:3      | Became a worshipper of Makhleb the Destroyer
  2242 | D:4      | Reached XP level 6. HP: 25/56 MP: 6/6
  2486 | D:4      | Noticed Robin
  2537 | D:4      | Killed Robin
  2610 | D:4      | Reached * piety under Makhleb
  2611 | D:4      | Reached skill level 5 in Armour
  2611 | D:4      | Reached skill level 1 in Invocations
  2770 | D:4      | Reached skill level 5 in Shields
  2778 | D:4      | Found a radiant altar of Vehumet.
  2973 | D:4      | Reached XP level 7. HP: 50/62 MP: 6/8
  3003 | D:4      | Identified a scroll of acquirement
  3003 | D:4      | Acquired a manual of Evocations
  3051 | D:5      | Entered Level 5 of the Dungeon
  3151 | D:5      | Noticed Duvessa
  3151 | D:5      | Noticed Dowan
  3160 | D:5      | Killed Dowan
  3165 | D:5      | Noticed Grinder
  3168 | D:5      | Slain by Duvessa

Illustrated notes

Levels and vault maps discovered:
D:1:      wander_arrival_abandoned_jail, layout_loops_ring,
          ebering_ecumenical_altar_webs
D:2:      layout_rooms, serial_shops, shop, kennysheep_generic_room_3
D:3:      layout_basic, xom_teletrap_fun, gammafunk_temple_overflow_forgotten,
          serial_bayou, serial_bayou_lagoon_a, serial_bayou_pond_d,
          serial_bayou_pond_a, serial_bayou_shore_a, serial_bayou_ford_a
D:4:      layout_loops_ring, lemuel_coloured_pillars_altar, uniq_robin
D:5:      layout_cave_pools, mainiacjoe_overflow_alcove_4,
          uniq_crazy_yiuf_cottage, uniq_duvessa, uniq_grinder, uniq_menkaure

Skill      XL: |  1  2  3  4  5  6  7 |
---------------+----------------------+-----
Dodging        | 1 2 |  2.6
Shields        | 4 5 |  5.5
Armour         | 4 5 |  5.5
Fighting       | 3 |  3.6
Long Blades    | 3 4 |  4.4
Evocations     | 1 2 3 |  3.2
Invocations    | 1 2 |  2.0

Action                   |  1- 3 |  4- 6 |  7- 9 || total
-------------------------+-------+-------+-------++-------
Melee: Long sword        |    78 |   289 |    60 ||   427
 Abil: Heal Wounds       |       |     4 |       ||     4
  Use: Scroll            |     3 |     2 |     2 ||     7
       Potion            |       |     1 |     1 ||     2
Armor: Scale mail        |    38 |    38 |       ||    76
       Chain mail        |       |   114 |    41 ||   155
Dodge: Dodged            |    27 |   131 |    70 ||   228
Block: Buckler           |    20 |    63 |    30 ||   113

Table legend: (Time is in decaauts)
 A = Elapsed time spent in this place.
 B = Non-inter-level travel time spent in this place.
 C = Inter-level travel time spent in this place.
 D = Time resting spent in this place.
 E = Time spent auto-exploring this place.
 F = Levels seen in this place.
 G = Mean time per level.
                   A        B        C        D        E       F      G
               +--------+--------+--------+--------+--------+-----+--------+
         Total |   3298 |   3142 |    156 |     18 |   2114 |   5 |  659.6 |
       Dungeon |   3298 |   3142 |    156 |     18 |   2114 |   5 |  659.6 |
               +--------+--------+--------+--------+--------+-----+--------+

Top non-repeatable levels by time:
     D:4: 1029 daAuts
     D:3: 883 daAuts
     D:1: 723 daAuts
     D:2: 568 daAuts
     D:5: 92 daAuts
